 Dungeon Crawl Stone Soup version 0.28-a0-819-g6ef7baa362 (console) character file.

Game seed: 1075598335383036507

56 petzl the Vexing (level 3, 0/24 HPs)
             Began as an Octopode Arcane Marksman on Nov 9, 2021.
             Slain by a kobold (3 damage)
             ... on level 2 of the Dungeon.
             The game lasted 00:02:42 (1808 turns).

petzl the Vexing (Octopode Arcane Marksman)         Turns: 1808, Time: 00:02:42

Health: 0/24       AC:  1    Str:  9    XL:     3   Next: 95%
Magic:  5/5        EV: 13    Int: 16    God:
Gold:   197        SH:  0    Dex: 12    Spells: 4/5 levels left

rFire   . . .      SeeInvis .   b - +0 short sword
rCold   . . .      Faith    .   (no shield)
rNeg    . . .      Spirit   .   (helmet restricted)
rPois   .          Reflect  .   (no amulet)
rElec   .          Harm     .   d - ring of flight
rCorr   .          Rampage  .   (no ring)
Will    .....                   (no ring)
Stlth   +++.......              (no ring)
HPRegen 0.08/turn               (no ring)
MPRegen 0.09/turn               (no ring)
                                (no ring)
                                (no ring)

@: flying
A: almost no armour, amphibious, 8 rings, camouflage 1, gelatinous body 1,
(nimble swimmer 1), tentacles
a: no special abilities


You were on level 2 of the Dungeon.
You visited 1 branch of the dungeon, and saw 2 of its levels.

You collected 197 gold pieces.

Inventory:

Hand Weapons
 a - a +0 hand crossbow
 b - a +0 short sword (weapon)
Missiles
 c - 14 bolts
Jewellery
 d - a ring of flight (left tentacle)
Scrolls
 f - a scroll of fear {unknown}
 h - a scroll of enchant weapon {unknown}
 i - 2 scrolls of identify {unknown}
 j - 2 scrolls of teleportation {unknown}
Potions
 e - a potion of might {unknown}
 g - a potion of curing {unknown}


   Skills:
 + Level 1.7 Fighting
 + Level 2.4 Crossbows
 + Level 2.5 Dodging
 + Level 2.0 Stealth
 + Level 1.6 Spellcasting
 - Level 3.0 Hexes


You had 4 spell levels left.
You knew the following spells:

 Your Spells              Type           Power      Damage    Failure   Level
a - Slow                  Hex            40%        N/A       6%          1

Your spell library contained the following spells:

 Spells                   Type           Power      Damage    Failure   Level
 Inner Flame              Hex/Fire       6%         N/A       34%         3
 Portal Projectile        Hex/Tloc       12%        N/A       34%         3
 Cause Fear               Hex            5%         N/A       52%         4
 Frozen Ramparts          Ice            2%         1d2       54%         3
 Ice Form                 Ice/Tmut       1%         N/A       91%         4
 Summon Ice Beast         Ice/Summ       1%         N/A       91%         4


Dungeon Overview and Level Annotations

Branches:
Dungeon (2/15)

Altars:


Innate Abilities, Weirdness & Mutations

You cannot wear most types of armour.
You are amphibious.
You can wear up to eight rings at the same time.
Your skin changes colour to match your surroundings (Stealth+).
Your rubbery body absorbs attacks. (AC +1, EV +1)
((You are camouflaged near water. (Stealth+)))
You have tentacles for arms and can constrict up to eight enemies at once.


Message History

The kobold hits you but does no damage.
The kobold hits you with a +0 short sword.
A kobold comes into view. It is wielding a +0 whip.
You are too injured to fight recklessly!
You are too injured to fight recklessly!
a - a +0 hand crossbow (weapon)
b - a +0 short sword (weapon)
You see here a hobgoblin corpse.
You hit the kobold but do no damage. Your grab misses the kobold.
The kobold hits you but does no damage.
You barely miss the kobold. You grab the kobold. You squeeze the kobold.
You kill the kobold!
You barely miss the kobold. Your grab misses the kobold.
The kobold hits you with a +0 short sword.
You hit the kobold. Your grab misses the kobold.
The kobold is severely wounded.
The kobold hits you with a +0 short sword.
You closely miss the kobold. You grab the kobold.
The kobold is severely wounded.
You constrict the kobold, but do no damage.
The kobold hits you with a +0 short sword.
* * * LOW HITPOINT WARNING * * *
You hit the kobold.
You kill the kobold!
You closely miss the kobold. You grab the kobold. You constrict the kobold.
The kobold misses you.
You barely miss the kobold.
The kobold is moderately wounded.
You constrict the kobold. The kobold barely misses you.
You hit the kobold but do no damage.
The kobold is severely wounded.
You constrict the kobold.
You kill the kobold!
You hit the kobold but do no damage. Your grab misses the kobold.
The kobold closely misses you.
You closely miss the kobold. Your grab misses the kobold.
The kobold hits you with a +0 whip.
* * * LOW HITPOINT WARNING * * *
The kobold hits you with a +0 whip.
You die...

.# ##.#.. #..... #..#)# .
#..... . #.##.#.# #.##.#.#
#.##.#.# #......# ##+##
#..(...# ##...## ####.####
##.....## ### ##.##.##
##.......## #..
##.#....####.........###..
##.###......'.........'....
#.## ##..####.........####.
##.###..## ##.......## #.
##.#.### ##.....## #.
#......# ##...## #.
#.#.##@# ##+## #.
#.#.##K##### #.
#.#.##K#...# #.
#.#...K.#### #########.
#.....†#### . #.##......
######.#..#.... #....#####
#.'$.K.?.. #.####
###K.#.... ### ### . ###
#.# #.# #.# #.#
###########†# #........##.#
#.######.##.#
###.######.##.###
#...............######


You could see 3 kobolds.

Vanquished Creatures
  An adder (D:2)
  2 dart slugs (D:1)
  4 bats
  6 endoplasms
  5 giant cockroaches
  3 hobgoblins
  10 kobolds
  4 ball pythons
  3 frilled lizards
  2 rats
40 creatures vanquished.

Notes
Turn   | Place    | Note
-------+----------+-------------------------------------------
     0 | D:1      | petzl the Octopode Arcane Marksman began the quest for the
                  | Orb.
     0 | D:1      | Reached XP level 1. HP: 13/13 MP: 2/2
    60 | D:1      | Found a faded altar of an unknown god.
   103 | D:1      | Reached skill level 1 in Stealth
   103 | D:1      | Reached XP level 2. HP: 18/18 MP: 3/3
   560 | D:1      | Reached XP level 3. HP: 23/23 MP: 5/5
  1808 | D:2      | Slain by a kobold

Illustrated notes

Levels and vault maps discovered:
D:1:      giann_wishing_wells, layout_basic, shapermc_ecumenical_altar_pompeii
D:2:      layout_loops_corners, minmay_goblin_kobold_house

Skill      XL: |  1  2  3 |
---------------+----------+-----
Stealth        | 1 2 |  2.0
Fighting       | |  1.7
Crossbows      | |  2.4
Dodging        | |  2.5
Spellcasting   | |  1.6
Hexes          | |  3.0

Action                   || total
-------------------------++-------
Melee: Short sword       ||    67
       Constrict         ||    14
       Tentacles         ||     5
 Fire: Hand crossbow     ||    38
 Stab: Sleeping          ||     2
Armor: Skin              ||    12
Dodge: Dodged            ||    51

Table legend: (Time is in decaauts)
 A = Elapsed time spent in this place.
 B = Non-inter-level travel time spent in this place.
 C = Inter-level travel time spent in this place.
 D = Time resting spent in this place.
 E = Time spent auto-exploring this place.
 F = Levels seen in this place.
 G = Mean time per level.
                   A        B        C        D        E       F      G
               +--------+--------+--------+--------+--------+-----+--------+
         Total |   1826 |   1796 |     30 |      9 |   1508 |   2 |  913.0 |
       Dungeon |   1826 |   1796 |     30 |      9 |   1508 |   2 |  913.0 |
               +--------+--------+--------+--------+--------+-----+--------+

Top non-repeatable levels by time:
     D:2: 1208 daAuts
     D:1: 618 daAuts
